 Dungeon Crawl Stone Soup version 0.25-a0-1079-g858b6a6ff6 (webtiles) character file.

Game seed: 14599063970329431738, levelgen mode: deterministic

102 kae the Chiller (level 4, -4/30 HPs)
             Began as a Merfolk Ice Elementalist on May 15, 2020.
             Slain by Grinder (8 damage)
             ... while paralysed by Grinder
             ... on level 3 of the Dungeon.
             The game lasted 00:03:05 (2612 turns).

kae the Chiller (Merfolk Ice Elementalist)          Turns: 2612, Time: 00:03:05

Health: -4/30      AC:  4    Str:  9    XL:     4   Next: 77%
Magic:  8/8        EV:  2    Int: 14    God:
Gold:   131        SH:  0    Dex: 14    Spells: 8/9 levels left

rFire    . . .     SeeInvis .   d - +0 dagger
rCold    + . .     Gourm    .   (no shield)
rNeg     + . .     Faith    .   a - +0 robe
rPois    .         Spirit   .   u - +0 helmet
rElec    .         Reflect  .   (no cloak)
rCorr    .         Harm     .   (no gloves)
MR       .....                  i - +0 pair of boots
Stlth    ++........             (no amulet)
HPRegen  0.10/turn              e - ring of protection from cold
MPRegen  0.11/turn              r - ring of positive energy

@: paralysed
A: change form in water, swift swim, stealthy swim
a: no special abilities


You were on level 3 of the Dungeon.
You were not hungry.

You visited 1 branch of the dungeon, and saw 3 of its levels.

You collected 131 gold pieces.

Inventory:

Hand Weapons
 d - a +0 dagger (weapon)
Armour
 a - a +0 robe (worn)
 i - a +0 pair of boots (worn)
 u - a +0 helmet (worn)
Jewellery
 e - a ring of protection from cold (left hand)
 p - an uncursed amulet of the acrobat
 r - a ring of positive energy (right hand)
Scrolls
 n - 2 scrolls of fog
Potions
 b - 3 potions of haste
 f - a potion of berserk rage
 g - a potion of resistance
 h - a potion of might
 j - a potion of invisibility
 k - a potion of mutation {unknown}
 l - 2 potions of stabbing {unknown}
 m - 2 potions of heal wounds {unknown}
 o - 2 potions of curing {unknown}
 q - a potion of flight {unknown}
Comestibles
 c - 5 rations
 t - a chunk of flesh


   Skills:
 - Level 2.6 Dodging
 - Level 2.1 Stealth
 + Level 3.0 Spellcasting
 * Level 5.9 Ice Magic


You had 8 spell levels left.
You knew the following spells:

 Your Spells              Type           Power        Failure   Level  Hunger
a - Freeze                Ice            ###.         1%          1    #......

Your spell library contained the following spells:

 Spells                   Type           Power        Failure   Level  Hunger
 Frozen Ramparts          Ice            ###...       5%          3    ###....
 Ozocubu's Armour         Chrm/Ice       ##......     19%         3    ###....
 Hailstorm                Conj/Ice       ##......     52%         4    #####..
 Summon Ice Beast         Ice/Summ       ##......     52%         4    #####..


Dungeon Overview and Level Annotations

Branches:
Dungeon (3/15)

Altars:
The Shining One

Annotations:
D:3 Grinder


Message History

Okay, then.
Okay, then.
Grinder says, "There's only one good use for a tongue: cutting it out."
Grinder blinks!
Grinder gestures at you. Pain shoots through your body! Grinder hits you.
You writhe in agony.
There is an escape hatch in the ceiling here.
You hit Grinder but do no damage. Grinder misses you. Grinder gestures at you.
You suddenly lose the ability to move!
Grinder gestures at you.
You shrug off the repeated paralysis!
Grinder hits you.
You writhe in agony.
Grinder hits you!
* * * LOW HITPOINT WARNING * * *
You writhe in agony.
* * * LOW HITPOINT WARNING * * *
Grinder hits you!
You die...

### #........##..............
..#######........##...#.###.##.##
###......######...........#.##.#
#......# #.............##.#
#......# ##.#....#.#.####.#
#......#######.#....#.#.####.#
#......+.....................#
#......#...##..#....#.#.####.#
###......#...##.@#....#.#.####.##
))..)...........5................
#####)..............#.#...####.##
...).)....................# #.#
######..#######.........#.# #.#
######..#######.##..#####.####.##
................................>
.#####..##########..#####......#.
.#####..# #........# #........


You could see Grinder.

Vanquished Creatures
  Robin (D:3)
  2 adders
  A worm (D:2)
  A dart slug (D:2)
  3 leopard geckos
  A ball python (D:1)
  10 bats
  6 giant cockroaches
  5 hobgoblins
  A quokka (D:2)
  A frilled lizard (D:3)
  17 goblins
  4 kobolds
  5 rats
58 creatures vanquished.

Notes
Turn   | Place    | Note
-------+----------+-------------------------------------------
     0 | D:1      | kae the Merfolk Ice Elementalist began the quest for the
                  | Orb.
     0 | D:1      | Reached XP level 1. HP: 13/13 MP: 3/3
   414 | D:1      | Reached XP level 2. HP: 19/19 MP: 3/5
   620 | D:1      | Found a glowing golden altar of the Shining One.
   853 | D:1      | Reached skill level 5 in Ice Magic
   955 | D:1      | Reached XP level 3. HP: 24/24 MP: 6/6
  1883 | D:3      | Reached XP level 4. HP: 19/30 MP: 4/8
  2277 | D:3      | Noticed Robin
  2425 | D:3      | Killed Robin
  2596 | D:3      | Noticed Grinder
  2608 | D:3      | Paralysed by Grinder for 7 turns
  2612 | D:3      | Slain by Grinder

Illustrated notes

Levels and vault maps discovered:
D:1:      heliophobic_arrival_enchanted_forest, layout_basic,
          kennysheep_another_room, grunt_decor_clamped, tso_altar
D:2:      minmay_spotlight, layout_rooms, first_ration
D:3:      layout_basic, chequers_serial_rivers_micro_d, uniq_robin, uniq_grinder

Skill      XL: |  1  2  3  4 |
---------------+-------------+-----
Ice Magic      | 5 |  5.9
Spellcasting   | 3 |  3.0
Dodging        | |  2.6
Stealth        | |  2.1

Action                   |  1- 3 |  4- 6 || total
-------------------------+-------+-------++-------
Melee: Unarmed           |    24 |       ||    24
       Dagger            |    16 |    19 ||    35
 Cast: Freeze            |    48 |    22 ||    70
  Use: Scroll            |    10 |     2 ||    12
 Stab: Sleeping          |     6 |       ||     6
  Eat: Chunk             |     3 |     3 ||     6
Armor: Robe              |    16 |     7 ||    23
Dodge: Dodged            |    56 |    15 ||    71

Table legend:
 A = Non-vault XP
 B = Vault XP
 C = Vault XP percentage of total XP
 D = Non-vault monster count
 E = Vault monster count
 F = Vault count percentage of total count
                 A         B        C        D         E       F
            +---------+---------+-------+---------+---------+-------
      Total |      97 |      49 |  33.6 |      40 |      18 |  31.0
            +---------+---------+-------+---------+---------+-------
        D:1 |      39 |       0 |   0.0 |      23 |       0 |   0.0
        D:2 |      30 |      10 |  25.0 |       7 |       5 |  41.7
        D:3 |      28 |      39 |  58.2 |      10 |      13 |  56.5
            +---------+---------+-------+---------+---------+-------
